 Dungeon Crawl Stone Soup version 0.28-b1-25-g9875b3fc8c (webtiles) character file.

Game seed: 16117885516002757978

273 zeram the Firebug (level 6, -2/44 HPs)
             Began as a Gnoll Fire Elementalist on Feb 2, 2022.
             Slain by a two-headed ogre (29 damage)
             ... on level 3 of the Dungeon.
             The game lasted 00:05:13 (4138 turns).

zeram the Firebug (Gnoll Fire Elementalist)         Turns: 4138, Time: 00:05:14

Health: -2/44      AC:  2    Str:  8    XL:     6   Next: 24%
Magic:  13/14      EV: 13    Int: 16    God:
Gold:   111        SH:  0    Dex: 12    Spells: 14/15 levels left

rFire   + . .      SeeInvis .   b - +0 dagger
rCold   . . .      Faith    .   (no shield)
rNeg    . . .      Spirit   .   a - +0 robe
rPois   .          Reflect  .   (no helmet)
rElec   .          Harm     .   (no cloak)
rCorr   .          Rampage  .   (no gloves)
Will    .....                   (no boots)
Stlth   +++.......              (no amulet)
HPRegen 0.14/turn               j - ring of protection from fire
MPRegen 0.14/turn               (no ring)

@: no status effects
A: fangs 1, strong nose, distributed training
a: no special abilities


You were on level 3 of the Dungeon.
You visited 1 branch of the dungeon, and saw 4 of its levels.

You collected 111 gold pieces.

Inventory:

Hand Weapons
 b - a +0 dagger (weapon)
 f - a +1 vorpal falchion
Missiles
 h - 3 poisoned darts (quivered)
Armour
 a - a +0 robe (worn)
Jewellery
 j - a ring of protection from fire (left hand)
Scrolls
 c - 3 scrolls of teleportation
 g - a scroll of blinking
Potions
 e - 3 potions of curing
 i - a potion of flight


   Skills:
 + Level 1.8 Fighting
 + Level 1.8 Short Blades
 + Level 1.8 Long Blades
 + Level 1.8 Axes
 + Level 1.8 Maces & Flails
 + Level 1.8 Polearms
 + Level 1.8 Staves
 + Level 1.8 Slings
 + Level 1.8 Bows
 + Level 1.8 Crossbows
 + Level 1.8 Throwing
 + Level 1.8 Armour
 + Level 4.9 Dodging
 + Level 4.5 Stealth
 + Level 1.8 Shields
 + Level 1.8 Unarmed Combat
 + Level 5.3 Spellcasting
 + Level 2.6 Conjurations
 + Level 1.4 Hexes
 + Level 1.4 Summonings
 + Level 1.4 Necromancy
 + Level 1.4 Translocations
 + Level 1.4 Transmutations
 + Level 5.6 Fire Magic
 + Level 1.4 Ice Magic
 + Level 1.4 Air Magic
 + Level 1.4 Earth Magic
 + Level 1.4 Poison Magic
 + Level 2.0 Invocations
 + Level 1.8 Evocations


You had 14 spell levels left.
You knew the following spells:

 Your Spells              Type           Power      Damage    Failure   Level
a - Foxfire               Conj/Fire      68%        2x1d7     2%          1

Your spell library contained the following spells:

 Spells                   Type           Power      Damage    Failure   Level
 Scorch                   Fire           44%        2d7       2%          2
 Summon Small Mammal      Summ           32%        N/A       9%          1
 Conjure Flame            Conj/Fire      17%        6-21      9%          3
 Inner Flame              Hex/Fire       15%        N/A       11%         3
 Call Canine Familiar     Summ           8%         N/A       24%         3
 Summon Guardian Golem    Hex/Summ       8%         N/A       24%         3
 Flame Wave               Conj/Fire      17%        2d6       26%         4


Dungeon Overview and Level Annotations

Branches:
Dungeon (4/15)
 Temple: D:4-7

Altars:

Shops:
D:1 *


Innate Abilities, Weirdness & Mutations

You have very sharp teeth.
Your uncanny sense of smell can sniff out nearby items.
Your experience applies equally to all skills.


Message History

The water moccasin poisons you!
Casting: Foxfire (safe; 3% risk of failure)
Confirm with . or Enter, or press ? or * to list all spells.
You conjure some foxfire!
* * * LOW HITPOINT WARNING * * *
You feel very sick. The water moccasin closely misses you.
Unknown command.
You feel better.
The foxfire hits the water moccasin.
You kill the water moccasin!
Your Invocations skill increases to level 2!
You have reached level 6!
You start resting.
Your foxfire dissipates!
You start resting.
Magic restored.
You start resting.
HP restored.
As you read the scroll of identify, it crumbles to dust.
i - a potion of flight
As you read the scroll of identify, it crumbles to dust.
g - a scroll of blinking Done exploring.
Done exploring.
Done exploring.
Done exploring.
You climb downwards.
The two-headed ogre completely misses you.
The two-headed ogre hits you with a +0 dire flail!
The two-headed ogre hits you with a +0 giant club.
The two-headed ogre closely misses you.
There is a stone staircase leading up, spattered with blood here.
You climb upwards.
There is a stone staircase leading down, spattered with blood here.
Casting: Foxfire (safe; 2% risk of failure)
Confirm with . or Enter, or press ? or * to list all spells.
You conjure some foxfire!
The two-headed ogre hits you with a +0 giant club!!
Ouch! That really hurt!
You die...

#.....................##..
#................#.##.##..
#.............####..<..#..
#.........................
#.........#..########...#.
#........)#.......###...##
##.................##....##
#........v.O.......#......#
#........v@÷..#####........
#.............##.......)...
#.................#########
####............### #......
#...#.....##.## #.##.##
#............######.#.#.#
#....#....#####...'..#♣#.
#...............###.#(#.#
######....####### #.##.##


You could see a two-headed ogre (ally target).

Vanquished Creatures
  A water moccasin (D:3)
  A centaur zombie (D:4)
  8 adders
  3 dart slugs
  An orc (D:3)
  2 endoplasms
  6 giant cockroaches
  6 hobgoblins
  3 quokkas
  4 ball pythons
  2 bats
  4 frilled lizards
  9 goblins
  4 kobolds
  9 rats
63 creatures vanquished.

Vanquished Creatures (others)
  162 foxfires
162 creatures vanquished.

Grand Total: 225 creatures vanquished

Notes
Turn   | Place    | Note
-------+----------+-------------------------------------------
     0 | D:1      | zeram the Gnoll Fire Elementalist began the quest for the
                  | Orb.
     0 | D:1      | Reached XP level 1. HP: 13/13 MP: 6/6
   659 | D:1      | Found Tixtam's General Store.
   669 | D:1      | Reached XP level 2. HP: 19/19 MP: 7/7
   824 | D:1      | Found a faded altar of an unknown god.
  1445 | D:1      | Reached XP level 3. HP: 25/25 MP: 9/9
  1472 | D:1      | Reached skill level 5 in Spellcasting
  1971 | D:2      | Reached skill level 1 in Invocations
  2313 | D:2      | HP: 1/25 [poisoned by an adder]
  2314 | D:2      | Reached skill level 1 in Fighting
  2314 | D:2      | Reached skill level 1 in Short Blades
  2314 | D:2      | Reached skill level 1 in Long Blades
  2314 | D:2      | Reached skill level 1 in Axes
  2314 | D:2      | Reached skill level 1 in Maces & Flails
  2314 | D:2      | Reached skill level 1 in Polearms
  2314 | D:2      | Reached skill level 1 in Staves
  2314 | D:2      | Reached skill level 1 in Slings
  2314 | D:2      | Reached skill level 1 in Bows
  2314 | D:2      | Reached skill level 1 in Crossbows
  2314 | D:2      | Reached skill level 1 in Throwing
  2314 | D:2      | Reached skill level 1 in Armour
  2314 | D:2      | Reached skill level 1 in Shields
  2314 | D:2      | Reached skill level 1 in Unarmed Combat
  2314 | D:2      | Reached skill level 1 in Evocations
  2314 | D:2      | Reached XP level 4. HP: 1/32 MP: 6/11
  2963 | D:2      | Reached skill level 1 in Hexes
  2963 | D:2      | Reached skill level 1 in Summonings
  2963 | D:2      | Reached skill level 1 in Necromancy
  2963 | D:2      | Reached skill level 1 in Translocations
  2963 | D:2      | Reached skill level 1 in Transmutations
  2963 | D:2      | Reached skill level 1 in Ice Magic
  2963 | D:2      | Reached skill level 1 in Air Magic
  2963 | D:2      | Reached skill level 1 in Earth Magic
  2963 | D:2      | Reached skill level 1 in Poison Magic
  3593 | D:3      | Reached XP level 5. HP: 37/37 MP: 8/12
  3880 | D:4      | Noticed a two-headed ogre
  3882 | D:4      | Noticed a water moccasin
  3897 | D:3      | Killed a water moccasin
  3898 | D:3      | Reached XP level 6. HP: 11/44 MP: 9/14
  4138 | D:3      | Slain by a two-headed ogre

Illustrated notes

Levels and vault maps discovered:
D:1:      saegor_arrival_simple_a, layout_basic, serial_shops, shop,
          hellmonk_ecumenical_altar_blasted, minmay_hexomino_p4
D:2:      layout_rooms, minivault_11, feat_on_display
D:3:      layout_rooms, kennysheep_generic_room_9
D:4:      layout_loops_ring, mainiacjoe_overflow_brackets

Skill      XL: |  1  2  3  4  5 |
---------------+----------------+-----
Conjurations   | 2 |  2.6
Spellcasting   | 5 |  5.3
Invocations    | 1 2 |  2.0
Fighting       | 1 |  1.8
Short Blades   | 1 |  1.8
Long Blades    | 1 |  1.8
Axes           | 1 |  1.8
Maces & Flails | 1 |  1.8
Polearms       | 1 |  1.8
Staves         | 1 |  1.8
Slings         | 1 |  1.8
Bows           | 1 |  1.8
Crossbows      | 1 |  1.8
Throwing       | 1 |  1.8
Armour         | 1 |  1.8
Shields        | 1 |  1.8
Unarmed Combat | 1 |  1.8
Evocations     | 1 |  1.8
Hexes          | 1 |  1.4
Summonings     | 1 |  1.4
Necromancy     | 1 |  1.4
Translocations | 1 |  1.4
Transmutations | 1 |  1.4
Ice Magic      | 1 |  1.4
Air Magic      | 1 |  1.4
Earth Magic    | 1 |  1.4
Poison Magic   | 1 |  1.4
Dodging        | |  4.9
Stealth        | |  4.5
Fire Magic     | |  5.6

Action                   |  1- 3 |  4- 6 || total
-------------------------+-------+-------++-------
Melee: Dagger            |    76 |    65 ||   141
       Unarmed           |     6 |       ||     6
       Bite              |     5 |     3 ||     8
 Cast: Foxfire           |    35 |    58 ||    93
  Use: Scroll            |     2 |     2 ||     4
       Potion            |       |     2 ||     2
 Stab: Sleeping          |     8 |     2 ||    10
Armor: Robe              |    12 |    12 ||    24
Dodge: Dodged            |    57 |    65 ||   122
